 Dungeon Crawl Stone Soup version 0.31-a0-358-gac0dbeb3ab (webtiles) character file.

Game seed: 13532415758814214178

256 innerfire43 the Poker (level 6, -11/42 HPs)
             Began as an Octopode Monk on July 25, 2023.
             Was a Believer of Cheibriados.
             Mangled by an orc
             ... wielding a +0 mace
              (19 damage)
             ... on level 4 of the Dungeon.
             The game lasted 00:05:14 (2501 turns).

innerfire43 the Poker (Octopode Monk)               Turns: 2501, Time: 00:05:15

Health: -11/42     AC:  1    Str: 16    XL:     6   Next: 16%
Magic:  8/8        EV:  2    Int: 17    God:    Cheibriados [**....]
Gold:   106        SH:  0    Dex: 18    Spells: 8/8 levels left

rFire   + . .        q - +5 trident "Spiderbane" {protect, rF+}
rCold   . . .        c - orb {light}
rNeg    . . .        (helmet currently unavailable)
rPois   .            (no amulet)
rElec   .            t - ring of wizardry
rCorr   .            (no ring)
SInv    .            (no ring)
Will    .....        (no ring)
Stlth   +            (no ring)
HPRegen 0.27/turn    (no ring)
MPRegen 0.11/turn    (no ring)
                     (no ring)

%: wizardry (x1)
@: beast-form, sleeping, glowing, very slow
A: beast (slay +2), almost no armour, amphibious, 8 rings, camouflage 1,
gelatinous body 1, (nimble swimmer 1), tentacles
a: Begin Untransformation, Renounce Religion, Bend Time


You were on level 4 of the Dungeon.
You worshipped Cheibriados.
Cheibriados was pleased with you.
You were a hulking beast.
You visited 2 branches of the dungeon, and saw 5 of its levels.

You collected 293 gold pieces.
You spent 187 gold pieces at shops.

Inventory:

Hand Weapons
 a - a +0 spear
 f - a +1 short sword of draining
 q - the +5 trident "Spiderbane" (weapon) {protect, rF+}
   (You bought it in a shop on level 3 of the Dungeon)

   rF:        It protects you from fire.
Armour
 c - an orb of light (worn)
Jewellery
 t - a ring of wizardry (left tentacle)
Talismans
 e - a blade talisman
 k - a beast talisman
 m - a beast talisman
Scrolls
 h - a scroll of identify {unknown}
 n - a scroll of poison {unknown}
 o - a scroll of enchant armour {unknown}
 s - a scroll of fog {unknown}
 v - a scroll of amnesia {unknown}
 w - a scroll of noise {unknown}
Potions
 d - a potion of heal wounds {unknown}
 g - a potion of resistance {unknown}
 i - a potion of curing {unknown}
 j - a potion of enlightenment {unknown}
 l - 2 potions of might {unknown}
 p - a potion of mutation {unknown}
 r - a potion of invisibility {unknown}
 u - a potion of brilliance {unknown}


   Skills:
 - Level 3.4 Fighting
 - Level 1.1 Short Blades
 + Level 3.8 Polearms
 - Level 3.4 Dodging
 + Level 1.6 Spellcasting
 * Level 3.1 Shapeshifting


You had 8 spell levels left.
You didn't know any spells.
Your spell library contained the following spells:

 Spells                   Type           Power      Damage    Failure   Level
 Scorch                   Fire           2%         2d5       12%         2
 Flame Wave               Conj/Fire      1%         2d4       58%         4
 Summon Cactus Giant      Summ           0%         N/A       100%        6


Dungeon Overview and Level Annotations

Branches:
Dungeon (4/15)             Temple (1/1) D:4

Altars:
Ashenzari
Cheibriados
Elyvilon
Fedhas
Gozag
Hepliaklqana
Makhleb
Nemelex Xobeh
Okawaru
Qazlal
Sif Muna
Trog
Vehumet
Wu Jian
Yredelemnul
Zin
The Shining One

Shops:
D:3 (

Annotations:
D:3 2 transporters


Innate Abilities, Weirdness & Mutations

You are a hulking beast.
Your limbs bulge with bestial killing power. (Slay +2)
You cannot wear most types of armour.
You are amphibious.
You can wear up to eight rings at the same time.
Your skin changes colour to match your surroundings (Stealth+).
Your rubbery body absorbs attacks. (AC +1, EV +1)
((You are camouflaged when in or above water. (Stealth+)))
You have tentacles for arms and can constrict up to eight enemies at once.


Message History

Your weapon exudes an aura of protection.
You kill the orc wizard!
Cheibriados appreciates the change of pace.
The orc closely misses you.
You bump into the rock wall.
The orc hits you but does no damage.
Unknown command.
The orc attacks as you move away! The orc closely misses you. x2
The sleepcap releases spores at you.
You are engulfed in a cloud of soporific spores!
You fall asleep.
The orc hits you with a +0 mace!
You wake up.
* * * LOW HITPOINT WARNING * * *
The sleepcap closely misses you.
You hit the orc but do no damage.
Your weapon exudes an aura of protection.
Your squeeze misses the orc. The orc completely misses you.
The sleepcap barely misses you.
You hit the orc.
The orc is moderately wounded.
You feel less confused. The orc misses you. The sleepcap misses you.
Unknown command.
You are confused.
You feel invigorated. The orc hits you with a +0 mace.
* * * LOW HITPOINT WARNING * * *
The sleepcap releases spores at you.
* * * LOW HITPOINT WARNING * * *
Okay, then.
You bump into the rock wall.
The orc closely misses you. The sleepcap barely misses you.
You bump into the rock wall.
The orc hits you with a +0 mace!
* * * LOW HITPOINT WARNING * * *
The sleepcap releases spores at you.
* * * LOW HITPOINT WARNING * * *
You are engulfed in a cloud of soporific spores!
You fall asleep.
You feel less invigorated.
You feel less confused. The orc hits you with a +0 mace!!
You die...

#. #.# .# #.##.# .# # ## ..#.#
.#.# .. ##.#.##.#. .# # #.....
.. .# #.###..#.# .# .#
.........##.#.#### .#
.........hoo............
.#####.#####...##f########......
.<.....# #.†.##.# #......#
#.#.#.######...##.# #.......
..#...............# .... #
......####.#####..# ### #..#.
.##...# #. #..##..... #.#.#
.###.### #.# #.....# #.#..
.#.....# #.# #.####### #....


You could see a sleepcap and 2 orcs.

Vanquished Creatures
  A phantom (D:4)
  A scorpion (D:4)
  A sleepcap (D:4)
  An orc wizard (D:4)
  An adder (D:3)
  3 worms
  2 dart slugs
  4 ball pythons
  4 endoplasms
  2 giant cockroaches (D:1)
  5 goblins
  4 hobgoblins
  7 kobolds
  2 quokkas (D:3)
  9 bats
  3 frilled lizards
  3 rats
53 creatures vanquished.

Notes
Turn   | Place    | Note
-------+----------+-------------------------------------------
     0 | D:1      | innerfire43 the Octopode Monk began the quest for the Orb.
     0 | D:1      | Reached XP level 1. HP: 16/16 MP: 1/1
   152 | D:1      | Reached XP level 2. HP: 20/21 MP: 2/2
   256 | D:1      | Reached skill level 1 in Shapeshifting
   466 | D:2      | Reached XP level 3. HP: 26/26 MP: 3/3
   835 | D:2      | Reached skill level 1 in Short Blades
  1409 | D:3      | Found a transporter.
  1415 | D:3      | Found a transporter.
  1462 | D:3      | Found Heteeque's Antique Weapon Boutique.
  1470 | D:3      | Bought a pitted trident for 187 gold pieces
  1470 | D:3      | Identified the +5 trident "Spiderbane" {protect, rF+} (You
                  | bought it in a shop on level 3 of the Dungeon)
  1659 | D:3      | Reached XP level 4. HP: 31/31 MP: 4/4
  2110 | D:4      | Found a staircase to the Ecumenical Temple.
  2123 | D:4      | Noticed a scorpion
  2131 | D:4      | Killed a scorpion
  2132 | D:4      | Reached XP level 5. HP: 31/36 MP: 4/6
  2152 | Temple   | Entered the Ecumenical Temple
  2180 | Temple   | Became a worshipper of Cheibriados the Contemplative
  2180 | Temple   | Reached * piety under Cheibriados
  2180 | Temple   | Reached ** piety under Cheibriados
  2268 | D:4      | Noticed a phantom
  2275 | D:4      | Killed a phantom
  2276 | D:4      | Reached skill level 1 in Spellcasting
  2423 | D:4      | Reached XP level 6. HP: 28/42 MP: 8/8
  2501 | D:4      | Mangled by an orc

Illustrated notes

Levels and vault maps discovered:
D:1:      scummos_arrival_simple_crosswalls, layout_rooms
D:2:      layout_basic
D:3:      gammafunk_steamed_eel, layout_loops_corners, serial_shops, shop,
          minmay_gold_behind_fungi, dk_noncrumbling_3
D:4:      layout_loops_ring, minmay_temple_entry_butterflies, uniq_duvessa
Temple:   bh_familiar_temple

Skill      XL: |  1  2  3  4  5  6 |
---------------+-------------------+-----
Shapeshifting  | 1 2 3 |  3.1
Short Blades   | 1 |  1.1
Spellcasting   | 1 |  1.6
Fighting       | |  3.4
Polearms       | |  3.8
Dodging        | |  3.4

Action                     |  1- 3 |  4- 6 || total
---------------------------+-------+-------++-------
  Melee: Short sword       |    46 |       ||    46
         Constrict         |    11 |     8 ||    19
         Spear             |     3 |       ||     3
         Tentacles         |     7 |     5 ||    12
         Trident           |     7 |    34 ||    41
         Punch             |     1 |     1 ||     2
    Use: Potion            |       |     1 ||     1
   Stab: Sleeping          |     1 |       ||     1
 Armour: Skin              |     1 |     7 ||     8
  Dodge: Dodged            |    22 |    22 ||    44
   Form: Beast             |     1 |       ||     1

Table legend: (Time is in decaauts)
 A = Elapsed time spent in this place.
 B = Non-inter-level travel time spent in this place.
 C = Inter-level travel time spent in this place.
 D = Time resting spent in this place.
 E = Time spent auto-exploring this place.
 F = Levels seen in this place.
 G = Mean time per level.
                   A        B        C        D        E       F      G
               +--------+--------+--------+--------+--------+-----+--------+
         Total |   2590 |   2320 |    270 |      0 |   1920 |   5 |  518.0 |
       Dungeon |   2526 |   2311 |    215 |      0 |   1920 |   4 |  631.5 |
        Temple |     64 |      9 |     55 |      0 |      0 |   1 |   64.0 |
               +--------+--------+--------+--------+--------+-----+--------+

Top non-repeatable levels by time:
     D:3: 836 daAuts
     D:2: 813 daAuts
     D:1: 451 daAuts
     D:4: 425 daAuts
  Temple: 64 daAuts
